 Dungeon Crawl Stone Soup version 0.29-a0-515-g7c1fb6cc08 (webtiles) character file.

Game seed: 229330576096284389

210 Bruhh the Caller (level 5, 0/45 HPs)
             Began as an Ogre Summoner on May 30, 2022.
             Slain by a kobold
             ... wielding a +0 short sword
              (2 damage)
             ... on level 3 of the Dungeon.
             The game lasted 00:03:01 (3104 turns).

Bruhh the Caller (Ogre Summoner)                    Turns: 3104, Time: 00:03:01

Health: 0/45       AC:  3    Str: 12    XL:     5   Next: 87%
Magic:  12/12      EV:  9    Int: 18    God:
Gold:   36         SH:  0    Dex:  9    Spells: 10/13 levels left

rFire   . . .      SeeInvis .   g - +0 scythe
rCold   . . .      Faith    .   (shield currently unavailable)
rNeg    . . .      Spirit   .   a - +0 robe
rPois   .          Reflect  .   (helmet restricted)
rElec   .          Harm     .   (no cloak)
rCorr   .          Rampage  .   (gloves unavailable)
Will    .....                   (boots unavailable)
Stlth   +.........              (no amulet)
HPRegen 0.15/turn               (no ring)
MPRegen 0.13/turn               (no ring)

@: no status effects
A: large, unfitting armour, tough skin 1
a: no special abilities


You were on level 3 of the Dungeon.
You visited 1 branch of the dungeon, and saw 3 of its levels.

You collected 36 gold pieces.

Inventory:

Hand Weapons
 c - a +0 mace of draining
 g - a +0 scythe (weapon)
Armour
 a - a +0 robe (worn)
Scrolls
 d - a scroll of immolation
 f - a scroll of enchant armour {unknown}
 h - a scroll of magic mapping {unknown}
 j - a scroll of summoning {unknown}
 k - a scroll of identify {unknown}
 l - a scroll of noise {unknown}
Potions
 b - a potion of magic
 e - a potion of mutation {unknown}
 i - a potion of haste {unknown}


   Skills:
 - Level 1.7 Dodging
 - Level 1.4 Stealth
 + Level 4.9 Spellcasting
 + Level 5.1 Summonings


You had 10 spell levels left.
You knew the following spells:

 Your Spells              Type           Power      Damage    Failure   Level
a - Summon Small Mammal   Summ           92%        N/A       1%          1
b - Call Imp              Summ           23%        N/A       2%          2

Your spell library contained the following spells:

 Spells                   Type           Power      Damage    Failure   Level
 Call Canine Familiar     Summ           23%        N/A       4%          3
 Summon Guardian Golem    Hex/Summ       13%        N/A       14%         3
 Summon Lightning Spire   Summ/Air       13%        N/A       43%         4


Dungeon Overview and Level Annotations

Branches:
Dungeon (3/15)

Altars:


Innate Abilities, Weirdness & Mutations

You are too large for most types of armour.
You have tough skin. (AC +1)


Message History

Your quokka completely misses the adder.
Your quokka misses the adder. The adder bites you.
Unknown command.
You are too injured to fight recklessly!
Unknown command.
You are too injured to fight recklessly!
Unknown command.
You are too injured to fight recklessly!
You miss the adder.
The adder is severely wounded.
You feel very sick.
Your quokka disappears in a puff of smoke!
The adder bites you.
You are more poisoned.
The adder poisons you!
Your quokka bites the adder but does no damage.
A kobold comes into view. It is wielding a +0 short sword.
The adder closely misses your quokka.
Your quokka closely misses the adder.
The adder bites your quokka but does no damage.
You feel sick.
Your quokka bites the adder.
The adder bites your quokka.
Your quokka bites the adder.
The adder dies!
Unknown command.
You feel sick.
The kobold throws a stone.
The stone barely misses your quokka. The stone hits you but does no damage.
Your quokka bites the kobold.
You feel sick.
Your quokka misses the kobold.
The kobold throws a stone.
The stone hits your quokka but does no damage.
You swap places.
You feel sick.
The kobold hits you with a +0 short sword.
* * * LOW HITPOINT WARNING * * *
You barely miss the kobold.
The kobold is moderately wounded.
You feel sick. The kobold hits you but does no damage.
The kobold hits you with a +0 short sword.
* * * LOW HITPOINT WARNING * * *
You closely miss the kobold.
You feel sick.
You are no longer poisoned.
The kobold closely misses you.
The kobold hits you with a +0 short sword.
You die...

#........##.....
#........#######
#........#######
#...............
###...............
#.'...............
#.#........#######
#r#........#
#@#........#
#K#........#
#.#.......(#####
..#............#
..######'##....#
..## #.##....# ..
#.##....# ...
#.##....#
#.##....#


You could see a kobold (ally target) and a friendly quokka (summoned).

Vanquished Creatures
  A worm (D:3)
  A dart slug (D:3)
  2 bats (D:1)
  3 endoplasms (D:1)
  3 goblins
  5 hobgoblins (D:1)
  A jackal (D:1)
  2 kobolds (D:1)
  2 quokkas
  4 ball pythons (D:1)
  A frilled lizard (D:1)
  5 rats
30 creatures vanquished.

Vanquished Creatures (collateral kills)
  Sigmund (D:3)
  An adder (D:3)
  A dart slug (D:1)
  A goblin (D:1)
  A hobgoblin (D:1)
  A jackal (D:1)
  A quokka (D:1)
  3 ball pythons
  A bat (D:1)
11 creatures vanquished.

Grand Total: 41 creatures vanquished

Notes
Turn   | Place    | Note
-------+----------+-------------------------------------------
     0 | D:1      | Bruhh the Ogre Summoner began the quest for the Orb.
     0 | D:1      | Reached XP level 1. HP: 16/16 MP: 3/3
   422 | D:1      | Reached XP level 2. HP: 24/24 MP: 2/5
   465 | D:1      | Found a faded altar of an unknown god.
   537 | D:1      | HP: 1/24 [jackal (2)]
   845 | D:1      | Reached skill level 4 in Summonings
   928 | D:1      | Learned a level 2 spell: Call Imp
   970 | D:1      | Reached XP level 3. HP: 10/31 MP: 5/7
  2039 | D:2      | You fall into a shaft and drop 1 floor!
  2091 | D:3      | Noticed Sigmund
  2121 | D:3      | Killed Sigmund
  2122 | D:3      | Reached skill level 5 in Summonings
  2122 | D:3      | Reached XP level 4. HP: 3/39 MP: 4/10
  2122 | D:3      | Reached XP level 5. HP: 3/45 MP: 4/12
  3104 | D:3      | HP: 2/45 [poisoned by an adder]
  3104 | D:3      | Slain by a kobold

Illustrated notes

Levels and vault maps discovered:
D:1:      saegor_arrival_simple_c, layout_loops_ring,
          hellmonk_ecumenical_altar_blasted
D:2:      layout_loops_ring, chequers_mini_garden
D:3:      layout_basic, minmay_lizard_king, uniq_sigmund

Skill      XL: |  1  2  3 |
---------------+----------+-----
Spellcasting   | 3 4 |  4.9
Summonings     | 4 5 |  5.1
Dodging        | |  1.7
Stealth        | |  1.4

Action                   |  1- 3 |  4- 6 || total
-------------------------+-------+-------++-------
Melee: Mace              |    85 |       ||    85
       Unarmed           |     5 |       ||     5
       Punch             |     2 |       ||     2
       Scythe            |       |    37 ||    37
 Cast: Summon Small Mamm |    42 |    10 ||    52
       Call Imp          |     2 |       ||     2
  Use: Potion            |     2 |       ||     2
Armor: Robe              |    50 |    16 ||    66
Dodge: Dodged            |    71 |    32 ||   103

Table legend: (Time is in decaauts)
 A = Elapsed time spent in this place.
 B = Non-inter-level travel time spent in this place.
 C = Inter-level travel time spent in this place.
 D = Time resting spent in this place.
 E = Time spent auto-exploring this place.
 F = Levels seen in this place.
 G = Mean time per level.
                   A        B        C        D        E       F      G
               +--------+--------+--------+--------+--------+-----+--------+
         Total |   3172 |   3158 |     14 |      0 |   2686 |   3 | 1057.3 |
       Dungeon |   3172 |   3158 |     14 |      0 |   2686 |   3 | 1057.3 |
               +--------+--------+--------+--------+--------+-----+--------+

Top non-repeatable levels by time:
     D:1: 2051 daAuts
     D:3: 1103 daAuts
     D:2: 17 daAuts
